[Event "Titled Tuesday Blitz November 22 Late 2022"]
[White "Paravyan, David"]
[Black "Andreikin, Dmitry"]
[WhiteFideId "4194985"]
[BlackFideId "4158814"]
[WhiteElo "2546"]
[BlackElo "2736"]
[Result "1-0"]
[Round "11"]
[TimeControl "180+1"]
[Date "2022.11.23"]
[WhiteClock "0:00:05"]
[BlackClock "0:00:08"]

1. e4 c5 2. Nf3 Nc6 3. Nc3 e6 4. d4 cxd4 5. Nxd4 Qc7 6. Nxc6 bxc6 7. Bd3 Nf6 8. Qe2 Bd6 9. Rf1 Rb8 10. f4 e5 11. f5 Bc5 12. g4 h6 13. h4 h5 14. gxh5 Nxh5 15. Qg4 d6 16. Bd2 Bd4 17. b3 Kf8 18. O-O-O Nf6 19. Qg3 a5 20. Na4 Bd7 21. c3 Ba7 22. h5 Nxh5 23. Qf3 Nf6 24. Rh1 Ke7 25. Qg2 Rhg8 26. Bc4 d5 27. exd5 cxd5 28. Bxd5 Bd4 29. Nb2 a4 30. Nc4 axb3 31. axb3 Rxb3 32. cxd4 Bxf5 33. Bg5 Qb8 34. Bxf6+ gxf6 35. Qa2 Rc3+ 36. Kd2 Rc2+ 37. Qxc2 Bxc2 38. Kxc2 Qb4 39. dxe5 Rg3 40. exf6+ Kxf6 41. Rhf1+ Kg5 42. Rg1 Qb3+ 43. Kc1 Qc3+ 44. Kb1 Qb4+ 45. Nb2 Rxg1 46. Rxg1+ Kf6 47. Rf1+ Ke5 48. Bc4 f5 49. Kc2 Kf6 50. Bd3 f4 51. Nc4 Kg5 52. Rg1+ Kf6 53. Rf1 Kg5 54. Nd2 Qc5+ 55. Kd1 Qe3 56. Be2 Kf6 57. Rf3 Qd4 58. Rd3 Qa1+ 59. Kc2 Qa4+ 60. Nb3 Qa2+ 61. Kd1 Ke5 62. Nc1 Qa4+ 63. Rb3 Qd4+ 64. Nd3+ Kf6 65. Rb4 Qg1+ 66. Kc2 Qe3 67. Rxf4+ Kg5 68. Rg4+ Kf6 69. Bd1 Kf5 70. Rb4 Qe7 71. Rf4+ Kg5 72. Rg4+ Kf5 73. Rb4 Qc7+ 74. Kd2 Qd6 75. Bg4+ Kf6 76. Be2 Kg7 77. Rg4+ Kf6 78. Rf4+ Kg7 79. Re4 Qb6 80. Rg4+ Kf6 81. Rb4 Qa5 82. Ke3 Kg7 83. Rg4+ Kf8 84. Rh4 Ke7 85. Re4+ Kf8 86. Re5 Qb6+ 87. Kf3 Qf6+ 88. Ke4 Qg6+ 89. Rf5+ Ke7 90. Nf4 Qc6+ 91. Nd5+ Kd8 92. Rf8+ Kd7 93. Bg4+ Kd6 94. Rf6+ Kc5 95. Rxc6+ Kxc6 96. Ke5 Kb5 97. Kd4 Kc6 98. Nc3 Kd6 99. Nb5+ Kc6 100. Kc4 Kb6 101. Bd7 Ka5 102. Nd6 Kb6 103. Ne8 Ka5 104. Kc5 Ka6 105. Nc7+ Ka5 106. Nd5 Ka6 107. Ne3 Ka5 108. Nc4+ Ka6 109. Bc6 Ka7 110. Nd6 Kb8 111. Ne8 Kc8 112. Kd6 Kd8 113. Nc7 Kc8 114. Nb5 Kd8 115. Nd4 Kc8 116. Ne6 Kb8 117. Kc5 Ka7 118. Kb5 Kb8 119. Ka6 Kc8 120. Kb6 Kb8 121. Bd7 Ka8 122. Nc7+ Kb8 123. Na6+ Ka8 124. Bc6# 1-0


[Site "https://www.chess.com"]

[Event "Titled Tuesday Blitz November 22 Late 2022"]
[White "Polster, Christian"]
[Black "monkins"]
[WhiteFideId "12965081"]
[WhiteElo "2209"]
[BlackElo "2248"]
[Result "1-0"]
[Round "11"]
[TimeControl "180+1"]
[Date "2022.11.23"]
[WhiteClock "0:00:04"]
[BlackClock "0:00:01"]

1. e4 c6 2. d4 d5 3. Nc3 dxe4 4. Nxe4 Nf6 5. Nxf6+ exf6 6. c3 Bd6 7. Bd3 O-O 8. Ne2 Re8 9. O-O Nd7 10. Bf4 Nf8 11. Bxd6 Qxd6 12. Re1 Bg4 13. h3 Bh5 14. Qd2 a5 15. Ng3 Bg6 16. Nf5 Bxf5 17. Bxf5 Qd5 18. Bg4 Qd6 19. Rxe8 Rxe8 20. Re1 Re7 21. Rxe7 Qxe7 22. Qe2 Qxe2 23. Bxe2 Nd7 24. Bg4 Nb6 25. Kf1 Kf8 26. Ke2 Ke7 27. Kd3 g6 28. c4 f5 29. Bd1 Nd7 30. Bf3 Kd6 31. a3 b6 32. b4 axb4 33. axb4 c5 34. dxc5+ bxc5 35. b5 Nb6 36. Bc6 h6 37. f4 g5 38. g3 f6 39. h4 gxf4 40. gxf4 Nc8 41. Kc3 Ne7 42. Be8 Nc8 43. Kb3 Kc7 44. Ka4 Nd6 45. Bg6 Nxc4 46. Bxf5 Nd6 47. Bd3 Kb6 48. Be2 c4 49. Kb4 Nxb5 50. Kxc4 Nc7 51. Kd4 Kc6 52. Ke4 Kd6 53. Kf5 Ke7 54. Bc4 Ne8 55. Kg6 Nd6 56. Bd3 Nf7 57. Bc4 Nd6 58. Bd5 Nb5 59. Kxh6 Nc7 60. Bc4 Kf8 61. Kg6 Ne8 62. h5 Nd6 63. Bd5 1-0


[Site "https://www.chess.com"]

[Event "Titled Tuesday Blitz November 22 Late 2022"]
[White "Pranav, V"]
[Black "Shimanov, Aleksandr"]
[WhiteFideId "25060783"]
[BlackFideId "4198603"]
[WhiteElo "2430"]
[BlackElo "2605"]
[Result "1-0"]
[Round "11"]
[TimeControl "180+1"]
[Date "2022.11.23"]
[WhiteClock "0:00:03"]
[BlackClock "0:00:01"]

1. e4 e6 2. d4 d5 3. Nc3 Nf6 4. exd5 exd5 5. Qf3 c6 6. Bg5 Be7 7. O-O-O Bg4 8. Qe3 Bxd1 9. Bxf6 gxf6 10. Nxd1 Qd6 11. Bd3 Nd7 12. Nf3 O-O-O 13. Nh4 Bf8 14. Nf5 Qc7 15. h4 Kb8 16. h5 h6 17. Nc3 Nb6 18. Kb1 Nc8 19. Ne2 Nd6 20. Neg3 Re8 21. Qf3 Nxf5 22. Nxf5 Qb6 23. c3 a5 24. Kc2 a4 25. Ne3 Re6 26. Bf5 Rd6 27. Re1 Ka7 28. Ng4 c5 29. Rd1 a3 30. b3 cxd4 31. Rxd4 Rc6 32. Qxd5 Bc5 33. Rc4 Rd8 34. Qf3 Rcd6 35. Ra4+ Kb8 36. Qf4 Qc7 37. Re4 Bb6 38. b4 Rd2+ 39. Kb3 R8d6 40. Rc4 Qe7 41. Ne3 Ka7 42. Nc2 Rxf2 43. Qg4 Qe5 44. Bc8 f5 45. Qg8 Qd5 46. Bxb7 Qxb7 47. Qe8 Rxc2 48. Kxc2 Qxg2+ 49. Kb3 Qd5 50. Qa4+ Kb7 51. b5 Rd7 52. Qa6+ Kb8 53. Qxb6+ Rb7 54. Qc6 Rxb5+ 55. Kxa3 Ra5+ 56. Kb4 Qxc6 57. Rxc6 Rxa2 58. Rxh6 Rh2 59. Kc4 Kc7 60. Kd4 1-0


[Site "https://www.chess.com"]

[Event "Titled Tuesday Blitz November 22 Late 2022"]
[White "Remolar Gallen, Jose"]
[Black "Perez Cruz, Adianet"]
[WhiteFideId "2215187"]
[BlackFideId "3510115"]
[WhiteElo "2252"]
[BlackElo "2060"]
[Result "1-0"]
[Round "11"]
[TimeControl "180+1"]
[Date "2022.11.23"]
[WhiteClock "0:00:35"]
[BlackClock "0:00:17"]

1. e4 c6 2. Nc3 d5 3. Qf3 dxe4 4. Nxe4 Nf6 5. Bc4 e6 6. Ne2 Nbd7 7. d4 Nxe4 8. Qxe4 Nf6 9. Qf3 Be7 10. Bf4 O-O 11. a4 Nd5 12. O-O Bf6 13. Be5 Bd7 14. Bd3 Bxe5 15. dxe5 g6 16. Ng3 Qh4 17. Ne4 f5 18. Nc5 Bc8 19. Rad1 b6 20. Nb3 Bb7 21. Qe2 c5 22. Bb5 Nf4 23. Qc4 Bd5 24. Rxd5 exd5 25. Qc3 c4 26. Nd4 Qg4 27. g3 Nh3+ 28. Kh1 Qe4+ 29. f3 Qxe5 30. Qd2 f4 31. Nc6 Qe3 32. Qxd5+ Kg7 33. Bxc4 Nf2+ 34. Kg2 fxg3 35. hxg3 Rf5 36. Qd7+ Kh6 37. Rxf2 Raf8 38. Bd5 Qc1 39. Be4 Rh5 40. Rf1 Qd2+ 41. Qxd2+ 1-0


[Site "https://www.chess.com"]

[Event "Titled Tuesday Blitz November 22 Late 2022"]
[White "Reprintsev, Alexander"]
[Black "Young, Ryan"]
[WhiteFideId "14100541"]
[BlackFideId "2049945"]
[WhiteElo "2230"]
[BlackElo "2325"]
[Result "1-0"]
[Round "11"]
[TimeControl "180+1"]
[Date "2022.11.23"]
[WhiteClock "0:01:27"]
[BlackClock "0:01:03"]

1. e4 e5 2. f4 exf4 3. Bc4 c6 4. Nc3 Nf6 5. Bb3 Bb4 6. e5 Qe7 7. Qe2 Nh5 8. Qxh5 d6 9. Nf3 dxe5 10. Qxe5 O-O 11. Qxe7 Bxe7 12. d4 Bd6 13. O-O Bf5 14. Ne5 g5 15. g3 Bh3 16. Rf2 Bxe5 17. dxe5 fxg3 18. hxg3 Nd7 19. Ne4 h6 20. Nf6+ Nxf6 21. Rxf6 Kg7 22. Bd2 Rae8 23. Bc3 Be6 24. Raf1 Re7 25. Bb4 Rfe8 26. Bxe7 Rxe7 27. Bxe6 fxe6 28. Rf8 Kg6 29. Rb8 a5 30. g4 1-0


[Site "https://www.chess.com"]

[Event "Titled Tuesday Blitz November 22 Late 2022"]
[White "Rios Escobar, Adan"]
[Black "Storey, Charles H"]
[WhiteFideId "3403645"]
[BlackFideId "406686"]
[WhiteElo "2334"]
[BlackElo "2252"]
[Result "1/2-1/2"]
[Round "11"]
[TimeControl "180+1"]
[Date "2022.11.23"]
[WhiteClock "0:00:24"]
[BlackClock "0:00:43"]

1. d4 Nf6 2. g3 e5 3. dxe5 Ng4 4. e4 Nxe5 5. f4 Ng6 6. Nc3 Bc5 7. Qd3 Nc6 8. a3 O-O 9. Nge2 d6 10. Bg2 Bg4 11. h3 Bxe2 12. Qxe2 Re8 13. Bd2 Nd4 14. Qd3 b5 15. O-O-O Rb8 16. h4 b4 17. axb4 Rxb4 18. Nd5 Ra4 19. Bc3 c6 20. Ne3 Qb6 21. Kd2 Nb5 22. Nc4 Qa6 23. h5 Nxc3 24. bxc3 Qxc4 25. Qxc4 Rxc4 26. hxg6 hxg6 27. Ra1 Bf2 28. Rh3 d5 29. exd5 cxd5 30. Bxd5 Rd8 31. Kd3 Rc5 32. c4 Rc7 33. Rah1 Kf8 34. R1h2 Bb6 35. Re2 Kg8 36. Reh2 Kf8 37. Rh7 Rd6 38. Re2 Kg8 39. Rh1 Rd8 40. Reh2 Kf8 41. Rh8+ Ke7 42. Rxd8 Kxd8 43. Rh7 f6 44. Rh8+ Ke7 45. Rg8 Kd6 46. Rd8+ Kc5 47. Re8 a5 48. Re6 Ba7 49. Kc3 Bb6 50. g4 a4 51. g5 Ba5+ 52. Kd3 a3 53. Ra6 Kb4 54. c5 Rxc5 55. Bb3 fxg5 56. fxg5 Rxg5 57. Ra7 Rg3+ 58. Ke2 Bb6 59. Ra6 Kc5 60. Rxa3 Rg2+ 61. Kf3 Rg1 62. Ra8 g5 63. Rc8+ Kb4 64. Rg8 g4+ 65. Ke2 Bd4 66. Rd8 Bf6 67. Rb8+ Kc3 68. Rc8+ Kb2 69. Rb8 Kc1 70. Ra8 Rg2+ 71. Kf1 Rd2 72. Ra4 g3 73. Rg4 Be5 74. Rg5 Bf4 75. Rxg7 Rf2+ 76. Kg1 Kd2 77. c4 Ke2 78. c5 Be3 79. Rxg3 Rf1+ 80. Kg2 Rf2+ 81. Kh3 Bf4 82. Rg2 Rxg2 83. Kxg2 Bc7 84. c6 Kd3 85. Bd5 Kc3 86. Bf3 Kd4 87. Kh3 Kc5 88. Kg4 Kd6 89. Kf5 Bb6 90. Kf6 Kc7 91. Ke7 Bg1 92. Ke6 Bf2 93. Kd5 Bg1 94. Kc4 Bf2 95. Kd3 Bg1 96. Kc4 Bh2 97. Kb5 Bg3 98. Be4 Bh2 99. Bd5 Bg1 100. Bh1 Bh2 101. Kc5 Bg1+ 102. Kd5 Bh2 103. Ke4 Bg1 104. Kf3 Bb6 105. Ke2 Ba7 106. Kf1 Bb6 107. Kg2 Ba7 108. Kf3 Bb6 109. Ke4 Ba7 110. Kf5 Bb6 111. Ke6 Ba7 112. Kd5 Bb6 113. Kc4 Bg1 114. Kb5 Bh2 115. Ka6 Bg1 116. Bg2 Bh2 117. Ka7 Bg1+ 118. Ka8 Bh2 119. Bf3 Bg1 120. Be4 Bh2 121. Ka7 Bg1+ 122. Ka6 Bh2 123. Kb5 Bg1 124. Kc4 Bh2 125. Kd3 Bg1 126. Kd2 Bh2 127. Ke2 Bd6 128. Kf3 Bc5 129. Kf4 Bb6 130. Ke5 Ba7 131. Ke6 Bb8 132. Kd5 Ba7 133. Kc4 Bg1 134. Kb5 1/2-1/2


[Site "https://www.chess.com"]

[Event "Titled Tuesday Blitz November 22 Late 2022"]
[White "Roman, Rodrigo"]
[Black "Roque Sola, Jose Luis"]
[WhiteFideId "3701220"]
[BlackFideId "5120390"]
[WhiteElo "1995"]
[BlackElo "2117"]
[Result "1-0"]
[Round "11"]
[TimeControl "180+1"]
[Date "2022.11.23"]
[WhiteClock "0:01:17"]
[BlackClock "0:00:11"]

1. c4 Nf6 2. Nf3 g6 3. g3 Bg7 4. Bg2 O-O 5. Nc3 d5 6. cxd5 Nxd5 7. h4 h5 8. Ng5 Nxc3 9. dxc3 Qxd1+ 10. Kxd1 c6 11. Kc2 Rd8 12. e4 Na6 13. Be3 f6 14. Nf3 Be6 15. Nd4 Bf7 16. Rhd1 e5 17. Nb3 b6 18. a4 Kf8 19. a5 Rxd1 20. Rxd1 Bxb3+ 21. Kxb3 bxa5 22. Ra1 Rb8+ 23. Kc2 Nc7 24. Bxa7 Rb7 25. Rxa5 Ke8 26. Bc5 Kd7 27. Bf1 f5 28. Bd3 Ne6 29. exf5 1-0


[Site "https://www.chess.com"]

[Event "Titled Tuesday Blitz November 22 Late 2022"]
[White "Romanchuk, Viktor"]
[Black "Musovic, Armin"]
[WhiteFideId "14109271"]
[BlackFideId "939935"]
[WhiteElo "2242"]
[BlackElo "2288"]
[Result "1-0"]
[Round "11"]
[TimeControl "180+1"]
[Date "2022.11.23"]
[WhiteClock "0:00:18"]
[BlackClock "0:00:32"]

1. d4 d5 2. c4 c5 3. cxd5 e6 4. dxe6 Bxe6 5. Nf3 Nc6 6. e3 a6 7. Nc3 Nf6 8. Be2 Be7 9. O-O O-O 10. dxc5 Qa5 11. a3 Qxc5 12. Bd2 Rfd8 13. Rc1 Qf5 14. Qc2 Qg4 15. Ne5 Qh4 16. Nxc6 bxc6 17. Be1 Bd6 18. f4 Qh6 19. Ne4 Nd5 20. Bf2 Bf5 21. Bf3 Rac8 22. Qa4 Bb8 23. Qxa6 Re8 24. Ng3 Be6 25. Rxc6 Rcd8 26. f5 Ne7 27. fxe6 Nxc6 28. exf7+ Kxf7 29. Qxc6 Kg8 30. Qxh6 gxh6 31. e4 Be5 32. b3 Rd3 33. Be2 Rc3 34. Bc4+ Kh8 35. Nf5 Bf4 36. Bd4+ Be5 37. Bxc3 Bxc3 38. g3 Rxe4 39. Kg2 Bd2 40. a4 h5 41. Rd1 Ba5 42. Rd5 Bc7 43. Rd7 Ba5 44. Ra7 Bd8 45. Ra8 Re8 46. a5 h6 47. a6 Kh7 48. a7 h4 49. gxh4 h5 50. Kf3 Rf8 51. Ke4 Kg6 52. Nd6 Kf6 53. Kd5 Ke7 54. Rb8 Rf1 55. a8=Q Rd1+ 56. Kc5 Rxd6 57. Rxd8 Rxd8 58. Qxd8+ Kxd8 59. Be2 Ke7 60. Bxh5 Kf6 61. Bg4 Kg7 62. h3 Kh6 63. b4 Kg7 64. b5 Kf6 65. Kc6 Ke5 66. Kc7 Kf4 67. b6 Kg3 68. b7 Kxh4 69. b8=Q Kg3 70. Qh8 Kf4 71. Qh5 Kg3 72. h4 Kf4 73. Qg5+ Kg3 74. h5 Kf2 75. h6 Ke1 76. h7 Kf2 77. h8=Q Kg3 78. Qh3+ Kf2 79. Qge3# 1-0


[Site "https://www.chess.com"]

[Event "Titled Tuesday Blitz November 22 Late 2022"]
[White "Rose, Felix"]
[Black "Petrovic, Aleksa"]
[WhiteFideId "5105722"]
[BlackFideId "967629"]
[WhiteElo "2039"]
[BlackElo "2224"]
[Result "0-1"]
[Round "11"]
[TimeControl "180+1"]
[Date "2022.11.23"]
[WhiteClock "0:00:03"]
[BlackClock "0:00:16"]

1. d4 Nf6 2. Nc3 d5 3. Bf4 a6 4. f3 c5 5. dxc5 Nc6 6. Bg5 e6 7. e4 Bxc5 8. exd5 exd5 9. Bxf6 Qxf6 10. Qxd5 Bxg1 11. Rxg1 O-O 12. O-O-O Be6 13. Qd2 b5 14. Bd3 b4 15. Ne4 Qe5 16. f4 Qa5 17. a3 bxa3 18. Qxa5 axb2+ 19. Kxb2 Rab8+ 20. Kc3 Nxa5 21. Ra1 Rfc8+ 22. Kd4 Rb4+ 23. Ke3 Nc4+ 24. Ke2 a5 25. Kf2 a4 26. Rgb1 Rxb1 27. Rxb1 a3 28. Ra1 Ra8 29. Nc5 Bd5 30. Bxc4 Bxc4 31. Ke3 f6 32. Kd4 Bf7 33. c4 a2 34. Kc3 Rc8 35. Kb4 Rb8+ 36. Ka5 Rb2 37. Nd3 Rxg2 38. c5 Rd2 39. Nb4 Rb2 40. c6 Be6 41. c7 Kf7 42. Rxa2 Rxa2+ 43. Nxa2 Ke7 44. Kb6 g5 45. fxg5 fxg5 46. Nc3 h5 47. Ne4 g4 48. Ng3 h4 49. Ne4 g3 50. hxg3 h3 51. Nf2 h2 52. Kb7 Kf6 53. c8=Q Bxc8+ 54. Kxc8 Ke5 55. g4 Kf4 56. Kd7 Kf3 57. Nh1 Kxg4 58. Ke6 Kf3 59. Kf5 Kg2 60. Kg4 Kxh1 61. Kf3 Kg1 62. Kg3 h1=Q 63. Kf4 Qd5 64. Ke3 Kg2 65. Ke2 Qd4 66. Ke1 Kf3 67. Kf1 Qa1# 0-1


[Site "https://www.chess.com"]

[Event "Titled Tuesday Blitz November 22 Late 2022"]
[White "Rustemov, Alexander"]
[Black "Golubev, Mikhail"]
[WhiteFideId "4119002"]
[BlackFideId "14100983"]
[WhiteElo "2882"]
[BlackElo "2374"]
[Result "0-1"]
[Round "11"]
[TimeControl "180+1"]
[Date "2022.11.23"]
[WhiteClock "0:00:03"]
[BlackClock "0:00:27"]

1. d4 Nf6 2. c4 g6 3. Nf3 Bg7 4. g3 O-O 5. Bg2 d6 6. Nc3 Nbd7 7. d5 Nb6 8. Qd3 e6 9. O-O Re8 10. h3 exd5 11. cxd5 Bf5 12. Qd1 Ne4 13. Nd4 Nxc3 14. bxc3 Be4 15. Bxe4 Rxe4 16. f3 Re8 17. e4 c6 18. dxc6 bxc6 19. Nxc6 Qc7 20. Nb4 Bxc3 21. Nc2 Bxa1 22. Nxa1 d5 23. Bf4 Qc5+ 24. Kg2 dxe4 25. fxe4 Rxe4 26. Qf3 Qd5 27. Rf2 Re6 28. Nb3 Qxf3+ 29. Kxf3 Nd5 30. Nd4 Nxf4 31. gxf4 Rd6 32. Nb5 Rd3+ 33. Kg4 h5+ 34. Kh4 a5 35. a4 Re8 36. Nc7 Ree3 37. f5 f6 38. Rh2 Re4# 0-1


[Site "https://www.chess.com"]

[Event "Titled Tuesday Blitz November 22 Late 2022"]
[White "Sabar, Ethmane Daouda"]
[Black "Gonzalez, Francisco Silva"]
[WhiteFideId "19600097"]
[BlackFideId "1512285"]
[WhiteElo "1950"]
[BlackElo "2159"]
[Result "0-1"]
[Round "11"]
[TimeControl "180+1"]
[Date "2022.11.23"]
[WhiteClock "0:00:41"]
[BlackClock "0:02:05"]

1. d4 Nf6 2. Nf3 d5 3. g3 c5 4. Bg2 cxd4 5. Nxd4 e5 6. Nb3 h6 7. O-O Nc6 8. c4 d4 9. e3 Bg4 10. f3 Be6 11. exd4 exd4 12. f4 Bxc4 13. Re1+ Be7 14. Bxc6+ bxc6 15. Qxd4 Bd5 16. Qc5 Kf8 17. Qe3 Ng4 18. Qe2 Qb6+ 19. Be3 Nxe3 20. Qxe3 Bxb3 21. axb3 Bc5 0-1


[Site "https://www.chess.com"]

[Event "Titled Tuesday Blitz November 22 Late 2022"]
[White "Sanchez, Robert"]
[Black "Fiol, Fabrice"]
[WhiteFideId "2034360"]
[BlackFideId "611670"]
[WhiteElo "2311"]
[BlackElo "2437"]
[Result "1-0"]
[Round "11"]
[TimeControl "180+1"]
[Date "2022.11.23"]
[WhiteClock "0:00:32"]
[BlackClock "0:00:38"]

1. e4 c5 2. Nf3 e6 3. d4 cxd4 4. Nxd4 a6 5. Bd3 Nc6 6. Nb3 Qc7 7. Nc3 b5 8. O-O Nf6 9. f4 h5 10. Be2 b4 11. e5 bxc3 12. exf6 gxf6 13. bxc3 h4 14. h3 Bb7 15. Be3 Rg8 16. Bf3 Ne7 17. Nc5 Bxf3 18. Qxf3 Nd5 19. Ne4 f5 20. Nf6+ Nxf6 21. Qxa8+ Ke7 22. Rab1 Qxc3 23. Rb3 Qc4 24. Qa7 Ne4 25. Rd1 Rxg2+ 26. Kxg2 Qe2+ 27. Bf2 Qxf2+ 28. Qxf2 Nxf2 29. Kxf2 1-0


[Site "https://www.chess.com"]

[Event "Titled Tuesday Blitz November 22 Late 2022"]
[White "Sarana, Alexey"]
[Black "Naroditsky, Daniel"]
[WhiteFideId "24133795"]
[BlackFideId "2026961"]
[WhiteElo "2708"]
[BlackElo "2628"]
[Result "1-0"]
[Round "11"]
[TimeControl "180+1"]
[Date "2022.11.23"]
[WhiteClock "0:00:05"]
[BlackClock "0:00:02"]

1. c4 e5 2. Nc3 Nf6 3. Nf3 e4 4. Ng5 c6 5. Qa4 Qe7 6. Qc2 d5 7. cxd5 Bf5 8. d6 Qxd6 9. Ngxe4 Nxe4 10. Nxe4 Qe6 11. d3 Bxe4 12. dxe4 Bb4+ 13. Bd2 Bxd2+ 14. Kxd2 O-O 15. e3 Nd7 16. f3 Ne5 17. Ke1 Rad8 18. Be2 Qg6 19. Kf2 f5 20. Qc3 Rde8 21. exf5 Rxf5 22. h3 Qg5 23. f4 Ng6 24. g3 Qe7 25. Rad1 h5 26. h4 Nxf4 27. gxf4 Rxf4+ 28. Ke1 Re4 29. Rd3 Rxh4 30. Rg1 Re4 31. Kd2 Re5 32. Qd4 h4 33. Qf4 h3 34. Bg4 Re4 35. Qg3 h2 36. Qxh2 Qb4+ 37. Kc2 Rxg4 38. Rh1 Qc4+ 39. Kd2 Qb4+ 40. Kc1 Qc5+ 41. Rc3 Qe5 42. Qh7+ Kf7 43. Rf1+ Ke7 44. Rd3 Rc4+ 45. Kb1 Re4 46. Qg6 Rd8 47. Qf7# 1-0


[Site "https://www.chess.com"]

[Event "Titled Tuesday Blitz November 22 Late 2022"]
[White "Simonovic, Miroslav"]
[Black "Kirillov, Dmitry"]
[WhiteFideId "919152"]
[BlackFideId "34180572"]
[WhiteElo "2043"]
[BlackElo "2095"]
[Result "0-1"]
[Round "11"]
[TimeControl "180+1"]
[Date "2022.11.23"]
[WhiteClock "0:00:03"]
[BlackClock "0:00:05"]

1. d4 d5 2. Bg5 h6 3. Bh4 g5 4. Bg3 Bg7 5. e3 Bf5 6. Bd3 Bxd3 7. Qxd3 a6 8. Nd2 e6 9. c4 Ne7 10. Ngf3 O-O 11. c5 Nbc6 12. a3 a5 13. O-O f5 14. Be5 Nxe5 15. Nxe5 c6 16. f4 g4 17. b4 axb4 18. axb4 Qc7 19. b5 b6 20. cxb6 Qxb6 21. Nd7 Qxb5 22. Qxb5 cxb5 23. Nxf8 Rxf8 24. Ra6 Kf7 25. Rc1 Rb8 26. Rc7 Bf8 27. Nb3 b4 28. Raa7 Kf6 29. Rcb7 Rc8 30. Nc5 Nc6 31. Nd7+ Kg6 32. Nxf8+ Rxf8 33. Rg7+ Kh5 34. Rab7 Ra8 35. Rb6 Rc8 36. Kf2 Na5 37. Rxb4 Rc2+ 38. Kg3 Nc4 39. Rb3 Nd2 40. h3 Ne4+ 41. Kh2 g3+ 42. Kg1 Rc1# 0-1


[Site "https://www.chess.com"]

[Event "Titled Tuesday Blitz November 22 Late 2022"]
[White "Souleidis, Georgios"]
[Black "Cortes Orihuela, Javier"]
[WhiteFideId "4206827"]
[BlackFideId "3414329"]
[WhiteElo "2401"]
[BlackElo "2080"]
[Result "0-1"]
[Round "11"]
[TimeControl "180+1"]
[Date "2022.11.23"]
[WhiteClock "0:00:20"]
[BlackClock "0:00:17"]

1. e4 c5 2. Be2 d6 3. d3 g6 4. f4 Bg7 5. Nf3 Nc6 6. O-O Rb8 7. c3 e6 8. a3 b5 9. Be3 b4 10. axb4 cxb4 11. d4 bxc3 12. bxc3 d5 13. e5 Nge7 14. Bd3 h5 15. Nbd2 O-O 16. Nb3 Nf5 17. Bf2 Qb6 18. Nc5 Na5 19. Rb1 Qc7 20. Qa4 Nc4 21. Bxc4 dxc4 22. Qxc4 Bd7 23. Qe2 Rxb1 24. Rxb1 Bc6 25. Ng5 Rb8 26. Qe1 Rxb1 27. Qxb1 Bf8 28. Nge4 Qd8 29. Qb3 Qa5 30. h3 Qa1+ 31. Kh2 Bxc5 32. Nxc5 Qf1 33. Qb8+ Kh7 34. d5 Bxd5 0-1


[Site "https://www.chess.com"]

[Event "Titled Tuesday Blitz November 22 Late 2022"]
[White "Stanisz, Patryk"]
[Black "Marcolino, Daniel Mattos"]
[WhiteFideId "1123106"]
[BlackFideId "2106841"]
[WhiteElo "2069"]
[BlackElo "2119"]
[Result "1-0"]
[Round "11"]
[TimeControl "180+1"]
[Date "2022.11.23"]
[WhiteClock "0:00:08"]
[BlackClock "0:00:19"]

1. d4 Nf6 2. c4 e6 3. Nc3 Bb4 4. e3 O-O 5. Ne2 Re8 6. a3 Bf8 7. Ng3 d5 8. c5 b6 9. b4 a5 10. Bb2 axb4 11. axb4 Rxa1 12. Qxa1 bxc5 13. dxc5 c6 14. Qa8 Qc7 15. Be2 e5 16. O-O Be6 17. Ra1 Nbd7 18. Qa7 Qxa7 19. Rxa7 Rb8 20. Ba3 g6 21. h4 e4 22. Ba6 Ne5 23. Nge2 Nd3 24. Bxd3 exd3 25. Nd4 Bd7 26. f3 Be8 27. Kf2 Bg7 28. Ra6 Nh5 29. Rb6 Ra8 30. Bb2 Bxd4 31. exd4 Ng7 32. b5 cxb5 33. Nxd5 Nf5 34. Nf6+ Kg7 35. Nxe8+ Rxe8 36. d5+ f6 37. Bxf6+ Kh6 38. Bg5+ Kh5 39. g4# 1-0


[Site "https://www.chess.com"]

[Event "Titled Tuesday Blitz November 22 Late 2022"]
[White "Tanenbaum, Zachary"]
[Black "Klenburg, Michael"]
[WhiteFideId "2060850"]
[BlackFideId "14102072"]
[WhiteElo "2175"]
[BlackElo "2405"]
[Result "1-0"]
[Round "11"]
[TimeControl "180+1"]
[Date "2022.11.23"]
[WhiteClock "0:02:11"]
[BlackClock "0:01:56"]

1. e4 d6 2. d4 Nf6 3. Nc3 g6 4. Bg5 Bg7 5. Qd2 c6 6. O-O-O b5 7. e5 dxe5 8. dxe5 Qxd2+ 9. Rxd2 Nfd7 10. f4 Nb6 11. Be2 a6 12. Bf3 Bb7 13. Nge2 N8d7 14. Nd4 Rc8 15. Rhd1 Nc4 16. Ne6 Nxd2 17. Nxg7+ Kf8 18. Rxd2 Rc7 19. Bh6 Kg8 20. Ne8 Rc8 21. Rxd7 Rxe8 22. Rxb7 1-0


[Site "https://www.chess.com"]

[Event "Titled Tuesday Blitz November 22 Late 2022"]
[White "Terry, Renato"]
[Black "Jobava, Baadur"]
[WhiteFideId "3803457"]
[BlackFideId "13601520"]
[WhiteElo "2577"]
[BlackElo "2582"]
[Result "0-1"]
[Round "11"]
[TimeControl "180+1"]
[Date "2022.11.23"]
[WhiteClock "0:00:03"]
[BlackClock "0:00:04"]

1. d4 d5 2. Bg5 Nf6 3. Bxf6 gxf6 4. e3 e6 5. c4 c6 6. Nc3 Nd7 7. Nf3 f5 8. cxd5 cxd5 9. Rc1 a6 10. Bd3 Bd6 11. O-O O-O 12. Qc2 Kh8 13. Ne2 Qe7 14. Nf4 Nf6 15. Ne5 Bd7 16. Qb3 Rab8 17. h3 Rfd8 18. Rc2 Be8 19. Rfc1 Nd7 20. Nf3 Nf6 21. Qb6 Nd7 22. Qb3 Nf6 23. a3 Nd7 24. Rc3 Nf6 25. Qd1 Ne4 26. Bxe4 dxe4 27. Ne1 Bc6 28. g3 e5 29. Ne2 Bb5 30. a4 Bxe2 31. Qxe2 exd4 32. exd4 f4 33. g4 Re8 34. f3 e3 35. Ng2 Rbd8 36. Rd1 Qf6 37. Rcd3 Rd7 38. b3 Red8 39. Qe1 Qe7 40. d5 Be5 41. Qe2 Qc5 42. g5 Rxd5 43. h4 Kg7 44. Rxd5 Rxd5 45. Kh2 Rxd1 46. Qxd1 Qd4 47. Qe2 Qd2 48. Qc4 e2 49. Qe4 Bc3 50. h5 e1=Q 51. h6+ Kf8 0-1


[Site "https://www.chess.com"]

[Event "Titled Tuesday Blitz November 22 Late 2022"]
[White "Todev, Simeon"]
[Black "Pinheiro, Iung Alicio de O."]
[WhiteFideId "2925133"]
[BlackFideId "2104350"]
[WhiteElo "1938"]
[BlackElo "2283"]
[Result "0-1"]
[Round "11"]
[TimeControl "180+1"]
[Date "2022.11.23"]
[WhiteClock "0:02:16"]
[BlackClock "0:01:41"]

1. e4 c5 2. Nf3 Nc6 3. c3 Nf6 4. e5 Nd5 5. d4 cxd4 6. cxd4 d6 7. Nc3 e6 8. Nxd5 exd5 9. Bd3 Be7 10. h4 Bg4 11. Be2 Qb6 12. exd6 Bxd6 13. O-O O-O 14. Be3 Rad8 15. Bd3 h6 16. Be2 Bb8 17. b3 Qc7 18. Rc1 Bxf3 19. Bxf3 Qh2# 0-1


[Site "https://www.chess.com"]

[Event "Titled Tuesday Blitz November 22 Late 2022"]
[White "Toniutti, Ezio"]
[Black "Bobkov, Vadim"]
[WhiteFideId "113034"]
[BlackFideId "34110876"]
[WhiteElo "2215"]
[BlackElo "2172"]
[Result "0-1"]
[Round "11"]
[TimeControl "180+1"]
[Date "2022.11.23"]
[WhiteClock "0:00:36"]
[BlackClock "0:00:05"]

1. d4 Nf6 2. c4 e6 3. g3 c5 4. d5 g6 5. Nc3 Bg7 6. Nf3 O-O 7. Bg2 d6 8. O-O e5 9. e4 h6 10. Ne1 a6 11. a4 Nh5 12. Nd3 f5 13. exf5 Bxf5 14. Ne4 Nf6 15. f3 Qe7 16. Be3 Nbd7 17. Qe2 Rab8 18. b3 b5 19. axb5 axb5 20. Ra7 bxc4 21. bxc4 Ra8 22. Rfa1 Rxa7 23. Rxa7 Rb8 24. Ndf2 Rb1+ 25. Bf1 Qf8 26. Qc2 Rb8 27. Qa4 Nb6 28. Qc6 Nxe4 29. fxe4 Bc8 30. Qc7 Nd7 31. Kg2 Bf6 32. Ng4 Bd8 33. Nxh6+ Qxh6 34. Qxd8+ Qf8 35. Qxf8+ Kxf8 36. Bh6+ Ke7 37. Bg5+ Ke8 38. Be2 Rb7 39. Ra8 Rb8 40. Ra6 Rb6 41. Ra2 Rb4 42. Bg4 Nb6 43. Be6 Rxc4 44. Ra7 Rxe4 45. Re7+ Kf8 46. Rf7+ Kg8 47. Rc7+ Bxe6 48. dxe6 Nd5 49. e7 Nxc7 50. Kf2 Rd4 51. Kf3 Kf7 52. Ke3 Ke8 53. Ke2 Ne6 54. Ke3 Nxg5 0-1


[Site "https://www.chess.com"]